 Dungeon Crawl Stone Soup version 0.19-a0-157-gbc558dc (webtiles) character file.

175 wvc the Insei (level 5, -15/41 HPs)
             Began as a Mummy Monk on May 20, 2016.
             Demolished by an ogre
             ... wielding a +0 giant club
              (18 damage)
             ... on level 4 of the Dungeon.
             The game lasted 00:06:13 (3330 turns).

wvc the Insei (Mummy Monk)                          Turns: 3330, Time: 00:06:13

Health: -15/41     AC:  6    Str: 14    XL:     5   Next: 29%
Magic:  5/5        EV: 11    Int:  9    God:
Gold:   224        SH:  0    Dex: 16    Spells: 0 memorised, 4 levels left

rFire  x . .     SeeInvis .       - Unarmed
rCold  + . .     Gourm    .     c - +1 ring mail
rNeg   + + +     Faith    .     (no shield)
rPois  ∞         Spirit   .     h - +0 hat
rElec  .         Dismiss  .     (no cloak)
rCorr  .         Reflect  .     (no gloves)
SustAt .         Harm     .     (no boots)
MR     .....                    (no amulet)
Stlth  +.........               (no ring)
                                g - +4 ring of slaying

@: not resistant to hostile enchantments, very unstealthy
A: no food or potions, fire vulnerability, cold resistance 1, negative energy
resistance 3, torment resistance, unbreathing
a: no special abilities


You were on level 4 of the Dungeon.
You were not hungry.

You visited 1 branch of the dungeon, and saw 4 of its levels.

You collected 224 gold pieces.

Inventory:

Hand Weapons
 a - a +1 war axe of chopping
Armour
 c - a +1 ring mail (worn)
 h - a +0 hat (worn)
Jewellery
 e - an uncursed amulet of faith
 g - a +4 ring of slaying (left hand)
 i - a cursed ring of teleportation
Scrolls
 b - 2 scrolls of teleportation
 d - a scroll of blinking {unknown}
 f - a scroll of remove curse
 j - a scroll of recharging
Books
 k - a book of Burglary

   Spells                             Type                      Level
   a - Swiftness                      Charms/Air                   2
   b - Passwall                       Transmutation/Earth          2
   c - Passage of Golubria            Translocation                4
   d - Lee's Rapid Deconstruction     Earth                        5
   e - Darkness                       Hexes                        6
   f - Invisibility                   Hexes                        6


   Skills:
 - Level 3.0 Fighting
 - Level 2.4 Dodging
 - Level 1.5 Stealth
 + Level 5.5 Unarmed Combat


You had 4 spell levels left.
You didn't know any spells.

Dungeon Overview and Level Annotations

Branches:
Dungeon (4/15)
 Temple: D:4-7

Altars:
Elyvilon
Kikubaaqudgha
Makhleb
Nemelex Xobeh
Zin

Annotations:
D:2 Crazy Yiuf


Innate Abilities, Weirdness & Mutations

You do not eat or drink.
Your flesh is vulnerable to fire.
You are immune to poison.
Your flesh is cold resistant.
You are immune to negative energy.
You are immune to unholy pain and torment.
You can survive without breathing.


Message History

You hit the ogre.
The ogre is heavily wounded.
The ogre hits you with a giant club!
You barely miss the ogre.
The ogre is heavily wounded.
You punch the ogre!
The ogre is almost dead.
The ogre hits you with a giant club!
* * * LOW HITPOINT WARNING * * *
Things that are here:
a dagger; a robe; an orc corpse You barely miss the ogre.
The ogre is almost dead.
The ogre barely misses you.
You closely miss the ogre.
The ogre is almost dead.
You hit the ogre but do no damage.
The ogre is almost dead.
The ogre hits you with a giant club!!
You die...

#.... #.......#. .o. #. #...#
#.......#. o.o###.###...#
#......... .......
.....##########.####.##
.......##..... .......#.####.##
.......#..... #...............
##.....#..#.# #...............
.......#.##.####...............
#.(.....O@')..............
###.##.####........#######
#.##.# #........#
####)####.####'###
#..(....<##.# ######.####.#
#......# #.###### #.#


You could see an ogre.

Vanquished Creatures
  An orc wizard (D:4)
  A worker ant zombie (D:4)
  5 adders
  2 oozes
  A worm (D:2)
  4 giant geckos
  5 orcs
  6 bats
  A giant cockroach (D:2)
  14 goblins
  5 hobgoblins
  4 jackals
  9 kobolds
  2 ball pythons
  A giant gecko skeleton (D:4)
  2 giant newts (D:1)
  9 rats
72 creatures vanquished.

Notes
Turn   | Place    | Note
--------------------------------------------------------------
     0 | D:1      | wvc the Mummy Monk began the quest for the Orb.
     0 | D:1      | Reached XP level 1. HP: 18/18 MP: 1/1
   391 | D:1      | Reached XP level 2. HP: 20/24 MP: 2/2
   686 | D:1      | Reached skill level 4 in Unarmed Combat
   862 | D:2      | Found a white marble altar of Elyvilon.
  1123 | D:2      | Found an ancient bone altar of Kikubaaqudgha.
  1160 | D:2      | Found a burning altar of Makhleb.
  1160 | D:2      | Found a glowing silver altar of Zin.
  1163 | D:2      | Found a sparkling altar of Nemelex Xobeh.
  1168 | D:2      | Reached XP level 3. HP: 28/29 MP: 3/3
  1878 | D:2      | Reached XP level 4. HP: 35/35 MP: 4/4
  2038 | D:2      | Noticed Crazy Yiuf
  2754 | D:2      | Reached skill level 5 in Unarmed Combat
  3274 | D:4      | Reached XP level 5. HP: 38/41 MP: 5/5
  3317 | D:4      | Noticed an ogre
  3324 | D:4      | HP: 2/41 [ogre/giant club (12)]
  3330 | D:4      | Demolished by an ogre

Vault maps used:
D:1:      mrwooster_arrival_arrow
D:2:      kennysheep_the_goblin_king, grunt_temple_overflow_open,
          uniq_crazy_yiuf_cottage
D:3:      first_bread
D:4:      minmay_splitting_lines, st_stairs_8, dk_noncrumbling_4,
          grunt_dithmenos_smoke_and_mirrors

Skill      XL: |  1  2  3  4 |
---------------+-------------+-----
Unarmed Combat | 4 5 |  5.5
Fighting       | |  3.0
Dodging        | |  2.4
Stealth        | |  1.5

Action                   |  1- 3 |  4- 6 || total
-------------------------+-------+-------++-------
Melee: Unarmed           |   185 |   158 ||   343
       Punch             |     3 |       ||     3
  Use: Scroll            |       |     9 ||     9
 Stab: Sleeping          |     4 |     1 ||     5
Armor: Ring mail         |    77 |    43 ||   120
       Robe              |     1 |       ||     1
Dodge: Dodged            |   130 |    74 ||   204
